 Dungeon Crawl Stone Soup version 0.28-a0-1510-gd0f6b136d3 (webtiles) character file.

Game seed: 8097683258714263835

0 croobank the Caller (level 1, -1/11 HPs)
             Began as an Octopode Summoner on Jan 16, 2022.
             Slain by a hobgoblin (4 damage)
             ... on level 1 of the Dungeon.
             The game lasted 00:00:25 (72 turns).

croobank the Caller (Octopode Summoner)               Turns: 72, Time: 00:00:30

Health: -1/11      AC:  1    Str:  7    XL:     1   Next: 10%
Magic:  1/3        EV: 13    Int: 17    God:
Gold:   16         SH:  0    Dex: 12    Spells: 3/4 levels left

rFire   . . .      SeeInvis .   a - +0 short sword
rCold   . . .      Faith    .   (no shield)
rNeg    . . .      Spirit   .   (helmet restricted)
rPois   .          Reflect  .   (no amulet)
rElec   .          Harm     .   (no ring)
rCorr   .          Rampage  .   (no ring)
Will    .....                   (no ring)
Stlth   +++.......              (no ring)
HPRegen 0.03/turn               (no ring)
MPRegen 0.08/turn               (no ring)
                                (no ring)
                                (no ring)

@: no status effects
A: almost no armour, amphibious, 8 rings, camouflage 1, gelatinous body 1,
(nimble swimmer 1), tentacles
a: no special abilities


You were on level 1 of the Dungeon.
You visited 1 branch of the dungeon, and saw 1 of its levels.

You collected 16 gold pieces.

Inventory:

Hand Weapons
 a - a +0 short sword (weapon)


   Skills:
 + Level 2.0 Dodging
 + Level 2.7 Stealth
 + Level 2.0 Spellcasting
 + Level 4.0 Summonings


You had 3 spell levels left.
You knew the following spells:

 Your Spells              Type           Power      Damage    Failure   Level
a - Summon Small Mammal   Summ           60%        N/A       3%          1

Your spell library contained the following spells:

 Spells                   Type           Power      Damage    Failure   Level
 Call Imp                 Summ           15%        N/A       5%          2
 Call Canine Familiar     Summ           15%        N/A       11%         3
 Summon Guardian Golem    Hex/Summ       8%         N/A       26%         3
 Summon Lightning Spire   Summ/Air       8%         N/A       63%         4


Dungeon Overview and Level Annotations

Branches:
Dungeon (1/15)

Altars:


Innate Abilities, Weirdness & Mutations

You cannot wear most types of armour.
You are amphibious.
You can wear up to eight rings at the same time.
Your skin changes colour to match your surroundings (Stealth+).
Your rubbery body absorbs attacks. (AC +1, EV +1)
((You are camouflaged when in or above water. (Stealth+)))
You have tentacles for arms and can constrict up to eight enemies at once.


Message History

Your bat hits the kobold.
Your bat closely misses the kobold.
Your quokka barely misses the kobold.
Your quokka closely misses the kobold.
Your bat hits the kobold. The kobold misses your quokka.
Your quokka bites the kobold.
The kobold dies!
Magic restored.
You swap places.
Your quokka disappears in a puff of smoke!
Things that are here:
a +0 short sword; a kobold corpse
a - a +0 short sword
a - a +0 short sword (weapon)
Your bat disappears in a puff of smoke!
You now have 16 gold pieces.
A ball python comes into view.
Found a stone staircase leading down.
A hobgoblin and a kobold come into view.
The kobold shouts!
The kobold throws a stone.
The stone hits you.
The kobold throws a stone.
The stone completely misses you.
Casting: Summon Small Mammal (safe; 3% risk of failure)
Confirm with . or Enter, or press ? or * to list all spells.
The hobgoblin shouts!
The ball python hisses angrily.
The kobold throws a stone.
The stone hits you but does no damage.
Casting: Summon Small Mammal (safe; 3% risk of failure)
Confirm with . or Enter, or press ? or * to list all spells.
Your bat misses the kobold.
The kobold throws a stone.
The stone misses your bat. The stone hits you. The hobgoblin hits your bat.
Your bat misses the kobold. The kobold hits you with a +0 club.
The hobgoblin misses you.
Number of times to repeat, then command key: You must enter the number of times for the command to repeat.
You hit the hobgoblin. You grab the hobgoblin.
The hobgoblin is severely wounded.
You constrict the hobgoblin, but do no damage.
Your bat hits the ball python. The kobold hits you with a +0 club.
The ball python bites you.
* * * LOW HITPOINT WARNING * * *
The ball python barely misses you. The hobgoblin hits you.
You die...

###..#...≈≈#
#...8
#....###.≈≈#
+.###
#....#...≈≈#
#.
#....#.#.≈≈#
#
#.....>..≈##
#..b.#.##≈
#........≈
#.r......≈
#@S......≈
#gK.......
#........#
#........#
#####....#
..... .....
..


You could see a hobgoblin, a ball python, a kobold (ally target), a friendly bat
(summoned) and a friendly rat (summoned).

Vanquished Creatures (collateral kills)
  A kobold (D:1)
1 creature vanquished.

Notes
Turn   | Place    | Note
-------+----------+-------------------------------------------
     0 | D:1      | croobank the Octopode Summoner began the quest for the Orb.
     0 | D:1      | Reached XP level 1. HP: 11/11 MP: 3/3
    72 | D:1      | Slain by a hobgoblin

Illustrated notes

Levels and vault maps discovered:
D:1:      heliophobic_arrival_glass_houses, layout_basic, serial_shops, shop,
          serial_rivers, chequers_serial_rivers_small_3,
          chequers_serial_rivers_micro_d, chequers_serial_rivers_small_b,
          chequers_serial_rivers_small_a, chequers_serial_rivers_room_a,
          nicolae_ecumenical_snake_handling

Action                   || total
-------------------------++-------
Melee: Short sword       ||     1
       Constrict         ||     1
 Cast: Summon Small Mamm ||     4
Armor: Skin              ||     1
Dodge: Dodged            ||     3

Table legend: (Time is in decaauts)
 A = Elapsed time spent in this place.
 B = Non-inter-level travel time spent in this place.
 C = Inter-level travel time spent in this place.
 D = Time resting spent in this place.
 E = Time spent auto-exploring this place.
 F = Levels seen in this place.
 G = Mean time per level.
                   A        B        C        D        E       F      G
               +--------+--------+--------+--------+--------+-----+--------+
         Total |     71 |     71 |      0 |      0 |     49 |   1 |   71.0 |
       Dungeon |     71 |     71 |      0 |      0 |     49 |   1 |   71.0 |
               +--------+--------+--------+--------+--------+-----+--------+

Top non-repeatable levels by time:
     D:1: 71 daAuts
